 Dungeon Crawl Stone Soup version 0.19-a0-1142-ga75ee97 (webtiles) character file.

235173 Niddhogr the Phalangite (level 20, -21/182 HPs)
             Began as a Formicid Fighter on Aug 12, 2016.
             Was a High Priest of Okawaru.
             Killed from afar by Aizul (47 damage)
             ... with a poison arrow
             ... on level 3 of the Shoals on Aug 13, 2016.
             The game lasted 02:51:21 (35383 turns).

Niddhogr the Phalangite (Formicid Fighter)         Turns: 35383, Time: 02:51:22

Health: -21/182    AC: 27    Str: 26    XL:     20   Next: 83%
Magic:  22/27      EV: 13    Int: 17    God:    Okawaru [*****.]
Gold:   1043       SH: 27    Dex: 17    Spells: 7 memorised, 1 level left

rFire  + . .     SeeInvis +     D - +3 bardiche (holy)
rCold  + . .     Gourm    .     L - +0 chain mail of the Tarantula {rCorr Int+3 Slay+3} (curse)
rNeg   . . .     Faith    .     d - +0 large shield
rPois  .         Spirit   .     (helmet unavailable)
rElec  +         Dismiss  .     O - +2 cloak {MR+}
rCorr  +         Reflect  +     Y - +2 pair of gloves {Str+3}
MR     +++..     Harm     .     e - +0 pair of boots {run}
Stlth  ..........               s - +3 amulet of reflection
                                F - ring of protection from fire
                                M - ring "Pyduf" {rC+ Int+5}

@: lethally poisoned (-21 -> -65), heroism, finesse, quick
A: permanent stasis, dig shafts and tunnels, four strong arms, antennae 3, rough
black scales 1, thin metallic scales 1, agile 1, robust 1, electricity
resistance, subdued magic 1, sturdy frame 1
a: Dig, Shaft Self, Heroism, Finesse, Renounce Religion


You were on level 3 of the Shoals.
You worshipped Okawaru.
Okawaru was extremely pleased with you.
You were very hungry.

You visited 6 branches of the dungeon, and saw 30 of its levels.
You visited the Abyss 1 time.
You visited 1 bazaar.
You also visited: Labyrinth and Ossuary.

You collected 2776 gold pieces.
You spent 1733 gold pieces at shops.

Inventory:

Hand Weapons
 n - a +1 vampiric halberd
 D - a +3 bardiche of holy wrath (weapon)
Missiles
 g - 18 javelins
 h - 18 poisoned javelins
 r - 6 javelins of penetration
 A - 3 throwing nets (quivered)
Armour
 d - a +0 large shield (worn)
 e - a +0 pair of boots of running (worn)
 L - the cursed +0 chain mail of the Tarantula (worn) {rCorr Int+3 Slay+3}
   (You took it off a deep elf blademaster on level 3 of the Elven Halls)

   It affects your intelligence (+3).
   It affects your accuracy and damage with ranged weapons and melee attacks
   (+3).
   It protects you from acid and corrosion.
   It has a curse placed upon it.
 O - a +2 cloak of magic resistance (worn)
 Q - a +2 cloak of magic resistance
 Y - a +2 pair of gloves of strength (worn)
Jewellery
 s - a +3 amulet of reflection (around neck)
 F - a ring of protection from fire (right hand)
 M - the ring "Pyduf" (left hand) {rC+ Int+5}
   (You found it on level 8 of the Dungeon)

   [ring of protection from cold]

   It affects your intelligence (+5).
   It protects you from cold.
 T - an uncursed ring of ice
Wands
 o - a wand of disintegration (13/24)
 w - a wand of enslavement (17/24)
 z - a wand of confusion (10/48)
 J - a wand of paralysis (9/24)
 P - a wand of disintegration (3/24)
Scrolls
 a - 2 scrolls of silence
 b - a scroll of holy word
 j - 4 scrolls of fear
 l - 21 scrolls of remove curse
 m - 3 scrolls of recharging
 t - 3 scrolls of fog
 v - 6 scrolls of enchant armour
 B - a scroll of acquirement {unknown}
 C - 3 scrolls of amnesia
 E - 2 scrolls of magic mapping
 R - a scroll of vulnerability {unknown}
 S - a scroll of torment {unknown}
 X - 3 scrolls of summoning
Potions
 k - a potion of cure mutation
 q - a potion of ambrosia
 x - a potion of cancellation
 y - 2 potions of mutation
 G - 5 potions of flight
 H - 3 potions of brilliance
 K - 4 potions of curing
 V - a potion of magic
 Z - 2 potions of invisibility
Books
 u - a book of Party Tricks

   Spells                             Type                      Level
   a - Summon Butterflies             Summoning                    1
   b - Apportation                    Translocation                1
   c - Tukima's Dance                 Hexes                        3
   d - Alistair's Intoxication        Transmutation/Poison         5
   e - Invisibility                   Hexes                        6
 W - a book of Flames

   Spells                             Type                      Level
   a - Flame Tongue                   Conjuration/Fire             1
   b - Throw Flame                    Conjuration/Fire             2
   c - Conjure Flame                  Conjuration/Fire             3
   d - Inner Flame                    Hexes/Fire                   3
   e - Sticky Flame                   Conjuration/Fire             4
   f - Fireball                       Conjuration/Fire             5
Comestibles
 c - a slice of pizza
 f - 17 bread rations
 i - 28 beef jerkies
 p - 9 meat rations
 N - 43 fruits
 U - a royal jelly


   Skills:
 - Level 16.4(21.4) Fighting
 * Level 23.8(27) Polearms
 - Level 12.3(17.3) Armour
 + Level 15.2(20.2) Shields
 - Level 10.3 Invocations


You had one spell level left.
You knew the following spells:

 Your Spells              Type           Power        Failure   Level  Hunger
a - Warp Weapon           Chrm/Tloc      #.........   100%        5    ######.
b - Repel Missiles        Chrm/Air       #.....       82%         2    ###....
c - Silence               Hex/Air        #.........   100%        5    ######.
d - Swiftness             Chrm/Air       #.......     82%         2    ###....
e - Song of Slaying       Chrm           #.......     82%         2    ###....
f - Apportation           Tloc           #.........   58%         1    ##.....
g - Summon Butterflies    Summ           #.......     58%         1    ##.....


Dungeon Overview and Level Annotations

Branches:
Dungeon (15/15)            Temple (1/1) D:4            Lair (6/6) D:9
 Shoals (3/4) Lair:2        Snake (0/4) Lair:2        Slime (0/5) Lair:5
    Orc (2/2) D:11            Elf (3/3) Orc:2        Vaults (0/5) D:13
 Depths (0/5) D:15

Altars:
Cheibriados
Dithmenos
Elyvilon
Fedhas
Gozag
Hepliaklqana
Kikubaaqudgha
Makhleb
Okawaru
Pakellas
Trog
Uskayaw
Xom
Zin
The Shining One
Beogh
Jiyva

Shops:
D:6 !   D:7 (   D:9 [   Orc:2 [(==   Elf:2 (   Shoals:3 *

Portals:
Trove: Elf:1 (give +3 gold dragon armour)

Annotations:
Shoals:3 Aizul


Innate Abilities, Weirdness & Mutations

You are under a permanent stasis effect.
You can dig through walls and to a lower floor.
Your four strong arms can wield two-handed weapons with a shield.
You have a pair of large antennae on your head. (SInv)
You are partially covered in rough black scales. (AC +2, Dex -1)
You are partially covered in thin metallic scales. (AC +2)
You are agile. (Dex +2)
You are robust. (+10% HP)
You are resistant to electric shocks. (rElec)
Your spells are a little easier to cast, but a little less powerful.
Your movements are slightly less encumbered by armour. (ER -2)


Message History

You feel better.
Aizul coils herself and waves her upper body at you.
The bolt of poison hits you!
You are poisoned.
* * * LOW HITPOINT WARNING * * *
You block the merfolk impaler's attack. You block the merfolk's attack.
The merfolk hits you from afar with a spear!
* * * LOW HITPOINT WARNING * * *
Aizul casts a spell at you. The bolt of poison hits you!
You are more poisoned.
* * * LOW HITPOINT WARNING * * *
You block the merfolk impaler's attack.
Are you sure you want to shaft yourself?
You feel somewhat more hungry.
You feel very sick.
Aizul coils herself and waves her upper body at you.
The poison arrow hits you!
You are lethally poisoned!
You die...

########################
≈≈≈≈≈≈≈≈≈≈≈≈≈≈≈≈≈≈≈≈≈≈≈≈
≈≈≈≈≈≈≈≈≈≈≈≈≈≈≈≈≈≈≈≈≈≈≈≈
≈≈≈≈≈≈≈≈≈≈≈≈≈≈≈≈≈≈≈≈≈≈≈≈
≈≈≈≈≈≈≈≈≈≈≈≈≈≈≈≈≈≈≈≈≈≈≈≈
≈≈≈≈≈≈≈≈≈≈≈≈≈≈≈≈≈≈≈≈≈≈≈≈
≈≈≈≈≈≈≈≈≈≈≈≈?..≈≈≈m≈≈≈≈.
≈..≈≈≈≈≈≈≈≈.....@.m≈≈≈≈.
....≈≈≈≈≈≈≈≈...†S(m≈≈≈≈.
.....≈≈≈≈≈≈≈≈...≈≈≈≈≈≈≈.
......≈≈≈≈≈≈≈≈≈≈≈≈≈≈≈≈≈≈
......≈≈≈≈≈≈≈≈≈...≈≈≈≈≈≈
......≈≈≈≈≈≈≈≈....≈≈≈≈≈≈
.....).≈≈≈.≈≈.....≈≈≈≈≈≈
...†...≈≈≈≈≈≈.....≈≈≈≈≈≈
.:....[≈≈≈....


You could see Aizul, a merfolk impaler and 2 merfolk.

Vanquished Creatures
  Nikola (Shoals:2)
  A lich (Abyss:2)
  4 deep elf blademasters
  9 tentacled starspawn (Abyss:2)
  6 deep elf sorcerers
  2 balrugs (Abyss:2)
  4 deep elf elementalists (Elf:3)
  8 deep elf annihilators
  A lorocyproca (Abyss:2)
  3 deep elf demonologists (Elf:3)
  The ghost of 2tc the Arsonist, a journeyman GrFE of Vehumet (Lair:2)
  2 minotaurs
  A merfolk javelineer (Shoals:2)
  A blizzard demon (Abyss:2)
  4 deep elf death magi (Elf:3)
  2 deep elf high priests (Elf:3)
  The ghost of subsebi the Cleaver, a journeyman DsCK of Xom (Lair:2)
  A fire dragon (Lair:6)
  2 merfolk impalers (Shoals:1)
  A catoblepas (Lair:4)
  A naga warrior (Abyss:2)
  4 merfolk avatars
  Erica (D:8)
  2 merfolk aquamancers (Shoals:1)
  2 centaur warriors
  2 satyrs
  6 death yaks
  A hell hog (Abyss:2)
  A vampire mage (D:15)
  26 dancing weapons
  A tengu warrior (D:13)
  Urug (D:13)
  2 orc high priests
  13 thrashing horrors (Abyss:2)
  A sun demon (Abyss:2)
  14 deep elf knights
  4 wretched stars (Abyss:2)
  Sonja (Lair:4)
  A shadow wraith (Abyss:2)
  2 skeletal warriors (D:15)
  8 sea snakes
  8 starcursed masses (Abyss:2)
  4 deep elf archers
  The ghost of SirSavien the Grappler, a novice GrMo of Ru (D:8)
  3 wizards
  3 hill giants
  2 orc knights
  A sphinx zombie (D:15)
  14 harpies
  A necromancer (D:15)
  2 wolf spider zombies (D:15)
  25 large abominations (Abyss:2)
  16 fauns
  27 ugly things
  3 griffons
  3 manticores
  An oklob plant (Lair:2)
  41 deep elf magi
  10 orc sorcerers
  A fire giant zombie (D:15)
  6 sixfirhies (Abyss:2)
  A guardian serpent (Abyss:2)
  7 elephants (Lair:6)
  3 sirens
  A guardian serpent (shapeshifter) (D:13)
  10 worldbinders (Abyss:2)
  6 smoke demons (Abyss:2)
  An orange demon (Abyss:2)
  An apocalypse crab (Abyss:2)
  A naga mage (Abyss:2)
  4 water nymphs
  2 black mambas (Lair:5)
  Joseph (D:7)
  Psyche (D:10)
  5 gargoyles
  13 spiny frogs
  2 rime drakes (Lair:6)
  2 demonic crawlers (Abyss:2)
  A kobold demonologist (Abyss:2)
  4 efreet
  2 freezing wraiths (Abyss:2)
  7 komodo dragons
  A meliai (shapeshifter) (D:15)
  A yaktaur skeleton (D:15)
  5 ancient zymes (Abyss:2)
  6 trolls
  A hellwing (Abyss:2)
  8 merfolk
  3 two-headed ogres
  8 polar bears (Lair:6)
  4 red devils (Abyss:2)
  A harpy zombie (D:14)
  3 meliai (Shoals:1)
  A wind drake (Shoals:2)
  Prince Ribbit (D:7)
  A minotaur skeleton (Lab)
  28 raiju
  A spectral meliai (D:15)
  A hornet zombie (D:15)
  3 blink frogs (Abyss:2)
  A fire dragon zombie (Abyss:2)
  11 slime creatures
  11 snapping turtles
  Sigmund (D:6)
  3 air elementals (Elf:3)
  3 redbacks (Lab)
  6 shadows
  3 wyverns
  7 flying skulls (Abyss:2)
  A shapeshifter (Abyss:2)
  4 ynoxinuls (Abyss:2)
  35 yaks
  2 vampires (D:15)
  2 wraiths
  2 fire bats (Abyss:2)
  17 humans
  10 water elementals
  2 fire elementals
  10 hippogriffs
  A hippogriff (shapeshifter) (D:14)
  4 basilisks (Lab)
  A steam dragon (shapeshifter) (D:13)
  8 hungry ghosts
  32 small abominations
  A hog (D:8)
  Eustachio (D:6)
  9 chaos spawn (Abyss:2)
  2 neqoxecs (Abyss:2)
  3 vampire mosquitoes (D:12)
  15 wargs
  A mottled dragon (Lair:6)
  A steam dragon (Lair:6)
  3 nagas (Lair:2)
  Duvessa (D:4)
  13 hell hounds
  6 porcupines
  14 water moccasins
  3 swamp drakes (Lair:6)
  5 ice beasts
  6 phantoms
  25 orc warriors
  2 sky beasts
  15 black bears
  3 eyes of draining
  12 ogres
  10 wolves (Lair:6)
  A boggart (Elf:1)
  A necrophage (D:10)
  5 centaurs
  13 crocodiles
  5 big kobolds
  6 elf zombies
  18 giant frogs
  A wyvern zombie (D:9)
  3 earth elementals
  Dowan (D:4)
  4 scorpions
  14 killer bees
  3 troll zombies (D:11)
  An electric eel (Lair:4)
  3 howler monkeys
  8 crimson imps
  6 centaur zombies
  A giant frog zombie (D:12)
  A wasp zombie (D:9)
  3 human zombies (Ossuary)
  7 quasits
  A wyvern simulacrum (D:14)
  3 jellies
  16 hounds
  10 orc priests
  7 centaur skeletons
  50 orc wizards
  A giant frog skeleton (D:7)
  2 iron imps (Abyss:2)
  9 iguanas
  8 worker ants
  3 sheep (D:8)
  A killer bee zombie (D:8)
  5 ogre zombies (D:11)
  A hound skeleton (D:7)
  3 mummies (Ossuary)
  7 gnolls
  A river rat (shapeshifter) (Elf:3)
  30 river rats
  8 adders
  4 shadow imps
  5 white imps (Abyss:2)
  2 ufetubi (Abyss:2)
  An ooze (D:3)
  2 adder skeletons
  A dart slug (D:1)
  4 giant geckos
  111 orcs
  8 bats
  3 giant cockroaches
  8 goblins
  A goblin (shapeshifter) (D:13)
  11 hobgoblins
  4 jackals
  10 quokkas
  2 ball pythons
  A ball python skeleton (D:5)
  A giant cockroach zombie (D:5)
  5 giant newts
  2 goblin skeletons (D:11)
  2 goblin zombies (D:11)
  2 hobgoblin skeletons (D:11)
  A hobgoblin zombie (D:11)
  16 kobolds
  2 orc skeletons (D:11)
  16 orc zombies (D:11)
  A quokka zombie (D:6)
  6 rats
  2 plants
1306 creatures vanquished.

Vanquished Creatures (others)
  2 deep elf master archers (Elf:3)
  A deep elf elementalist (Elf:3)
  A deep elf annihilator (Elf:3)
  A merfolk javelineer (Shoals:1)
  2 deep elf archers (Elf:3)
  A deep elf mage (Elf:2)
  A faun (Shoals:1)
  A komodo dragon (Lair:4)
  A tormentor (Abyss:2)
  A raiju (Abyss:2)
  3 blink frogs (Abyss:2)
  3 golden eyes (Abyss:2)
  A swamp drake (Lair:6)
  3 centaurs (D:12)
  13 small abominations (Abyss:2)
  2 orc wizards (Orc:2)
  3 fungi
  2 lurking horrors (Abyss:2)
  10 plants
  20 starspawn tentacles (Abyss:2)
72 creatures vanquished.

Grand Total: 1378 creatures vanquished

Notes
Turn   | Place    | Note
-------+----------+-------------------------------------------
     0 | D:1      | Niddhogr the Formicid Fighter began the quest for the Orb.
     0 | D:1      | Reached XP level 1. HP: 18/18 MP: 1/1
   192 | D:1      | Reached XP level 2. HP: 16/24 MP: 2/2
   444 | D:1      | You fall through a shaft!
   471 | D:2      | Reached XP level 3. HP: 26/29 MP: 3/3
   514 | D:2      | Reached skill level 3 in Polearms
   909 | D:2      | Found an opulent altar of Gozag.
  1189 | D:3      | Found a bloodstained altar of Trog.
  1282 | D:3      | Reached XP level 4. HP: 34/37 MP: 4/4
  1347 | D:3      | Reached skill level 4 in Polearms
  1535 | D:3      | Reached XP level 5. HP: 32/42 MP: 5/5
  2057 | D:4      | Noticed a phantom
  2111 | D:4      | Killed a phantom
  2111 | D:4      | Reached skill level 5 in Polearms
  2111 | D:4      | Reached XP level 6. HP: 32/49 MP: 6/6
  2237 | D:4      | Noticed an ogre
  2250 | D:4      | Killed an ogre
  2255 | D:4      | Found a staircase to the Ecumenical Temple.
  2255 | D:4      | Noticed Dowan
  2256 | D:4      | Noticed Duvessa
  2308 | Temple   | Entered the Ecumenical Temple
  2345 | Temple   | Became a worshipper of Warmaster Okawaru
  2395 | D:4      | Killed Duvessa
  2395 | D:4      | Reached skill level 5 in Fighting
  2395 | D:4      | Reached skill level 6 in Polearms
  2395 | D:4      | Reached XP level 7. HP: 29/56 MP: 7/7
  2405 | D:4      | Killed Dowan
  2825 | D:4      | Reached * piety under Okawaru
  2862 | D:4      | Found a bloodstained altar of Trog.
  3229 | D:5      | Entered Level 5 of the Dungeon
  3290 | D:5      | Reached skill level 7 in Polearms
  3290 | D:5      | Reached skill level 1 in Invocations
  3310 | D:5      | Reached XP level 8. HP: 63/64 MP: 9/9
  3682 | D:5      | Identified the Almanac of Dislocation
  3690 | D:5      | Learned a level 5 spell: Warp Weapon
  3934 | D:5      | Reached ** piety under Okawaru
  4052 | D:6      | Noticed Eustachio
  4073 | D:6      | Killed Eustachio
  4073 | D:6      | Reached skill level 8 in Polearms
  4257 | D:6      | Reached XP level 9. HP: 63/71 MP: 11/11
  4298 | D:6      | Noticed Sigmund
  4318 | D:6      | Killed Sigmund
  4392 | D:6      | Found Kocsy's Distillery.
  4425 | D:6      | Bought a potion of brilliance for 56 gold pieces
  4425 | D:6      | Bought a potion of agility for 56 gold pieces
  4425 | D:6      | Bought a potion of curing for 42 gold pieces
  4425 | D:6      | Bought a potion of curing for 42 gold pieces
  4706 | D:6      | Reached skill level 9 in Polearms
  5056 | D:7      | Reached skill level 5 in Invocations
  5133 | D:7      | Reached *** piety under Okawaru
  5628 | D:7      | Noticed Joseph
  5650 | D:7      | Killed Joseph
  5650 | D:7      | Reached skill level 10 in Polearms
  5688 | D:7      | Found Migipp's Antique Weapon Shop.
  5717 | D:7      | Noticed Prince Ribbit
  5725 | D:7      | Killed Prince Ribbit
  5725 | D:7      | Reached XP level 10. HP: 35/81 MP: 10/13
  6231 | D:8      | Reached **** piety under Okawaru
  6249 | D:8      | Noticed Erica
  6269 | D:8      | Killed Erica
  6269 | D:8      | Reached skill level 11 in Polearms
  6434 | D:8      | Got an ancient granite ring
  6436 | D:8      | Identified the ring "Pyduf" {rC+ Int+5} (You found it on level 8 of the Dungeon)
  6488 | D:8      | Found a sand-covered staircase.
  6494 | Ossuary  | Entered an ossuary
  6756 | Ossuary  | Reached ***** piety under Okawaru
  7106 | D:8      | Reached skill level 12 in Polearms
  7194 | D:8      | Found a shadowy altar of Dithmenos.
  7205 | D:8      | Noticed SirSavien's ghost (novice GrMo)
  7230 | D:8      | Killed SirSavien's ghost
  7230 | D:8      | Received a gift from Okawaru
  7230 | D:8      | Reached XP level 11. HP: 80/90 MP: 7/15
  7606 | D:8      | Reached skill level 10 in Fighting
  7888 | D:9      | Found a staircase to the Lair.
  8619 | D:9      | Found Uceim's Armour Shop.
  8796 | D:9      | Found a white marble altar of Elyvilon.
  9037 | D:8      | Reached skill level 13 in Polearms
  9302 | D:10     | Entered Level 10 of the Dungeon
  9424 | D:10     | Reached skill level 5 in Shields
  9478 | D:10     | Noticed Psyche
  9485 | D:10     | Killed Psyche
 10070 | D:11     | Reached XP level 12. HP: 76/99 MP: 15/17
 10107 | D:11     | Found a flickering gateway to a bazaar.
 10198 | D:11     | Found a staircase to the Orcish Mines.
 10287 | Bazaar   | Entered a bazaar
 10287 | Bazaar   | Found Curr's Jewellery Shoppe.
 10295 | Bazaar   | Found Hirghanu's Distillery.
 10304 | Bazaar   | Found Aworin's Food Emporium.
 10333 | Bazaar   | Found Byesufon's Book Shop.
 10338 | Bazaar   | Found Ymocu's Jewellery Shoppe.
 10394 | Bazaar   | Bought a +3 amulet of reflection for 225 gold pieces
 10541 | D:11     | Received a gift from Okawaru
 10544 | D:11     | Got a smelly scale mail {god gift}
 10556 | D:11     | Identified the +8 scale mail "Gieq" {rN+ Dex-3 SInv} (Okawaru gifted it to you on level 11 of the Dungeon)
 11342 | D:12     | Reached skill level 14 in Polearms
 11461 | D:12     | Got a faintly glowing chain mail
 11472 | D:12     | Identified the +11 chain mail "Dyucsaf" {Str+5} (You found it on level 12 of the Dungeon)
 11801 | D:13     | Noticed a centaur warrior
 11807 | D:13     | Noticed Urug
 11879 | D:13     | Cast into level 2 of the Abyss (Urug)
 11988 | Abyss:2  | Noticed a giant orange brain
 12065 | Abyss:2  | Noticed a shadow wraith
 12099 | Abyss:2  | Noticed a tentacled starspawn
 12108 | Abyss:2  | Killed a tentacled starspawn
 12108 | Abyss:2  | Reached XP level 13. HP: 107/107 MP: 11/20
 12302 | Abyss:2  | Noticed a tentacled starspawn
 12312 | Abyss:2  | Killed a tentacled starspawn
 12336 | Abyss:2  | Reached skill level 10 in Invocations
 12344 | Abyss:2  | Learned a level 2 spell: Repel Missiles
 12408 | Abyss:2  | Found a corrupted altar of Lugonu.
 12442 | Abyss:2  | Noticed a tentacled starspawn
 12458 | Abyss:2  | Killed a tentacled starspawn
 12458 | Abyss:2  | Reached skill level 15 in Polearms
 12545 | Abyss:2  | Received a gift from Okawaru
 12690 | Abyss:2  | Noticed a starcursed mass
 12702 | Abyss:2  | Killed a starcursed mass
 12706 | Abyss:2  | Killed a starcursed mass
 12900 | Abyss:2  | Reached XP level 14. HP: 31/116 MP: 9/21
 12934 | Abyss:2  | Noticed a lorocyproca
 12949 | Abyss:2  | Killed a lorocyproca
 12949 | Abyss:2  | Reached skill level 5 in Armour
 13062 | Abyss:2  | Noticed a tentacled starspawn
 13073 | Abyss:2  | Killed a tentacled starspawn
 13175 | Abyss:2  | Reached skill level 16 in Polearms
 13215 | Abyss:2  | Noticed a balrug
 13226 | Abyss:2  | Killed a balrug
 13499 | Abyss:2  | Noticed a tentacled starspawn
 13508 | Abyss:2  | Killed a tentacled starspawn
 13972 | Abyss:2  | Noticed a starcursed mass
 13974 | Abyss:2  | Noticed a starcursed mass
 14022 | Abyss:2  | Killed a starcursed mass
 14024 | Abyss:2  | Killed a starcursed mass
 14230 | Abyss:2  | Noticed a tentacled starspawn
 14240 | Abyss:2  | Killed a tentacled starspawn
 14240 | Abyss:2  | Reached skill level 17 in Polearms
 14240 | Abyss:2  | Reached XP level 15. HP: 47/125 MP: 8/22
 14287 | Abyss:2  | Noticed a tentacled starspawn
 14293 | Abyss:2  | Killed a tentacled starspawn
 14652 | Abyss:2  | Noticed a tentacled starspawn
 14662 | Abyss:2  | Killed a tentacled starspawn
 14887 | Abyss:2  | Noticed a balrug
 14905 | Abyss:2  | Killed a balrug
 15185 | Abyss:2  | HP: 5/127 [wretched star/orb of energy (9)]
 15281 | Abyss:2  | Noticed a tentacled monstrosity
 15554 | Abyss:2  | Noticed a bone dragon
 15676 | Abyss:2  | Noticed a lich
 15700 | Abyss:2  | HP: 4/127 [lich/crystal spear (30)]
 15707 | Abyss:2  | Received a gift from Okawaru
 15718 | Abyss:2  | HP: 6/127 [thrashing horror (5)]
 15729 | Abyss:2  | Killed a lich
 15729 | Abyss:2  | Reached skill level 18 in Polearms
 15898 | Abyss:2  | Noticed a tentacled starspawn
 15973 | Abyss:2  | Found a basalt altar of Yredelemnul.
 16028 | Abyss:2  | Found a corrupted altar of Lugonu.
 16382 | Abyss:2  | Reached XP level 16. HP: 88/134 MP: 17/23
 16476 | Abyss:2  | Noticed a tentacled starspawn
 16488 | Abyss:2  | Killed a tentacled starspawn
 16607 | Abyss:2  | Reached skill level 10 in Armour
 16609 | Abyss:2  | Noticed a hellephant
 16633 | Abyss:2  | Noticed a tentacled starspawn
 16746 | Abyss:2  | Reached skill level 15 in Fighting
 16895 | Abyss:2  | Noticed a bone dragon
 16972 | D:13     | Escaped the Abyss
 17316 | D:13     | Killed Urug
 17360 | D:13     | Found a gate to the Vaults.
 17463 | D:13     | Found a shimmering altar of Xom.
 17463 | D:13     | Found a shimmering altar of Xom.
 17464 | D:13     | Found a shimmering altar of Xom.
 17464 | D:13     | Found a shimmering altar of Xom.
 17464 | D:13     | Found a shimmering altar of Xom.
 17464 | D:13     | Found a shimmering altar of Xom.
 17465 | D:13     | Found a shimmering altar of Xom.
 17465 | D:13     | Found a shimmering altar of Xom.
 17501 | D:13     | Gained mutation: You are frail. (-10% HP) [mutagenic meat]
 18214 | D:14     | Gained mutation: Your movements are slightly less encumbered by armour. (ER -2) [mutagenic meat]
 18217 | D:14     | Gained mutation: Your spells are a little easier to cast, but a little less powerful. [mutagenic meat]
 18220 | D:14     | Gained mutation: You are partially covered in rough black scales. (AC +2, Dex -1) [mutagenic meat]
 18223 | D:14     | Gained mutation: You are partially covered in thin metallic scales. (AC +2) [mutagenic meat]
 18226 | D:14     | Gained mutation: Armour fits poorly on your strangely shaped body. [mutagenic meat]
 18232 | D:14     | Gained mutation: You are weak. (Str -2) [mutagenic meat]
 18235 | D:14     | Gained mutation: You are resistant to electric shocks. (rElec) [mutagenic meat]
 18241 | D:14     | Lost mutation: You are frail. (-10% HP) [mutagenic meat]
 18247 | D:14     | Gained mutation: You are agile. (Dex +2) [mutagenic meat]
 18250 | D:14     | Gained mutation: Your system is resistant to poisons. (rPois) [mutagenic meat]
 18253 | D:14     | Gained mutation: You are dopey. (Int -2) [mutagenic meat]
 18256 | D:14     | Lost mutation: Armour fits poorly on your strangely shaped body. [potion of cure mutation]
 18256 | D:14     | Lost mutation: Your system is resistant to poisons. (rPois) [potion of cure mutation]
 18256 | D:14     | Lost mutation: You are weak. (Str -2) [potion of cure mutation]
 18256 | D:14     | Lost mutation: You are dopey. (Int -2) [potion of cure mutation]
 18370 | D:14     | Found a glowing golden altar of the Shining One.
 18420 | D:14     | Reached skill level 19 in Polearms
 18449 | D:14     | Gained mutation: You are robust. (+10% HP) [mutagenic meat]
 18719 | D:15     | Entered Level 15 of the Dungeon
 18793 | D:15     | Received a gift from Okawaru
 18797 | D:15     | Got an ichor-stained chain mail {god gift}
 18819 | D:15     | Identified the +4 chain mail "Keamin" {+Blink Str+2} (Okawaru gifted it to you on level 15 of the Dungeon)
 19281 | D:15     | Reached XP level 17. HP: 156/156 MP: 24/24
 19606 | D:15     | Found a staircase to the Depths.
 19957 | Orc:1    | Entered Level 1 of the Orcish Mines
 20299 | Orc:2    | Entered Level 2 of the Orcish Mines
 20299 | Orc:2    | Found a staircase to the Elven Halls.
 20659 | Orc:2    | Found Usewkon's Antique Armour Shoppe.
 20659 | Orc:2    | Found Onkop's Antique Weapon Boutique.
 20838 | Orc:2    | Found a roughly hewn altar of Beogh.
 20894 | Orc:2    | Found Ettih's Jewellery Boutique.
 20916 | Orc:2    | Found Cauvum's Jewellery Shoppe.
 21335 | Orc:2    | Bought a shiny buckler for 144 gold pieces
 21363 | Orc:2    | Bought a crude ring mail for 288 gold pieces
 21376 | Orc:2    | Identified the +2 ring mail of the Manifold Planets {rElec rPois Dex+2 SInv} (You bought it in a shop on level 2 of the Orcish Mines)
 21594 | Lair:1   | Entered Level 1 of the Lair of Beasts
 21617 | Lair:1   | Learned a level 5 spell: Silence
 21818 | Lair:1   | Got an opal-encrusted leather armour
 21829 | Lair:1   | Identified the +1 leather armour of the Armoured One {Str+2} (You found it on level 1 of the Lair of Beasts)
 22228 | Lair:2   | Found a staircase to the Snake Pit.
 22268 | Lair:2   | Noticed 2tc's ghost (journeyman GrFE)
 22275 | Lair:2   | Killed 2tc's ghost
 22343 | Lair:2   | Got a bloodstained trident
 22344 | Lair:2   | Identified the +5 trident of Jime {venom, rF++ Dex-4} (You found it on level 2 of the Lair of Beasts)
 22414 | Lair:2   | Reached ****** piety under Okawaru
 22489 | Lair:2   | Found a staircase to the Shoals.
 22646 | Lair:2   | Got a brightly glowing diamond amulet
 22648 | Lair:2   | Identified the amulet "Niheuper" {Inacc +Blink +Fly rN+} (You found it on level 2 of the Lair of Beasts)
 23010 | Lair:2   | Noticed subsebi's ghost (journeyman DsCK)
 23026 | Lair:2   | Killed subsebi's ghost
 23026 | Lair:2   | Reached skill level 20 in Polearms
 23221 | Lair:3   | Found a labyrinth entrance.
 23228 | Lab      | Entered a labyrinth
 23280 | Lab      | Got an encrusted leather armour
 23291 | Lab      | Identified the +2 leather armour of It's Over Quickly {Str+2 Int+4 Dex-4} (You found it in a labyrinth)
 23571 | Lab      | Identified the Almanac of Self-Improvement
 23577 | Lab      | Learned a level 2 spell: Swiftness
 23580 | Lab      | Learned a level 2 spell: Song of Slaying
 23599 | Lab      | Got a steaming leather armour
 23611 | Lab      | Identified the +1 leather armour of Qaffon {rC+} (You found it in a labyrinth)
 23641 | Lab      | Received a gift from Okawaru
 23670 | Lab      | Identified the Incunabulum of Helpful Clay
 25072 | Lair:4   | Noticed Sonja
 25081 | Lair:4   | Killed Sonja
 25914 | Lair:5   | Found a staircase to the Slime Pits.
 25915 | Lair:5   | Found a viscous altar of Jiyva.
 26045 | Lair:6   | Entered Level 6 of the Lair of Beasts
 26280 | Lair:6   | Received a gift from Okawaru
 26307 | Lair:6   | Reached XP level 18. HP: 125/167 MP: 25/25
 26394 | Lair:6   | Identified a +4 rod of shadows (14/14) (You found it on level 6 of the Lair of Beasts)
 26447 | Lair:6   | Reached skill level 10 in Shields
 27068 | Lair:6   | Received a gift from Okawaru
 27485 | Orc:2    | Bought a pair of embroidered boots for 144 gold pieces
 27485 | Orc:2    | Bought a runed plate armour for 736 gold pieces
 27701 | Elf:1    | Entered Level 1 of the Elven Halls
 27729 | Elf:1    | Found a portal to a secret trove of treasure.
 28009 | Elf:1    | Learned a level 1 spell: Apportation
 28040 | Elf:1    | Reached skill level 21 in Polearms
 28396 | Elf:2    | Identified the Tome of Evil and Illusion
 28771 | Elf:2    | Found a runed door.
 28797 | Elf:2    | Found a runed door.
 28844 | Elf:2    | Received a gift from Okawaru
 28861 | Elf:2    | Identified a +0 pair of boots of running (Okawaru gifted it to you on level 2 of the Elven Halls)
 28874 | Elf:2    | Found Idehuji's Antique Weapon Shop.
 29115 | Elf:2    | Noticed a deep elf blademaster
 29168 | Elf:2    | Killed a deep elf blademaster
 29453 | Elf:2    | Reached XP level 19. HP: 148/174 MP: 26/26
 29813 | Elf:3    | Entered Level 3 of the Elven Halls
 30103 | Elf:3    | Reached skill level 22 in Polearms
 30595 | Elf:3    | Noticed a deep elf blademaster
 30622 | Elf:3    | Killed a deep elf blademaster
 30634 | Elf:3    | Noticed a Brimstone Fiend
 30656 | Elf:3    | Received a gift from Okawaru
 30659 | Elf:3    | Got a steaming cloak {god gift}
 30671 | Elf:3    | Identified the +4 cloak of Niklat {Str+3} (Okawaru gifted it to you on level 3 of the Elven Halls)
 30854 | Elf:3    | Got a coiled graven amulet
 30897 | Elf:3    | Identified the amulet "Camnack" {Harm *Drain rN+ MP+9 Int-4} (You took it off a deep elf blademaster on level 3 of the Elven Halls)
 30901 | Elf:3    | Noticed a deep elf blademaster
 30910 | Elf:3    | Noticed a deep elf blademaster
 30915 | Elf:3    | Killed a deep elf blademaster
 30928 | Elf:3    | Killed a deep elf blademaster
 31228 | Elf:3    | Got a warped chain mail
 31242 | Elf:3    | Identified the cursed +0 chain mail of the Tarantula {rCorr Int+3 Slay+3} (You took it off a deep elf blademaster on level 3 of the Elven Halls)
 31440 | Elf:3    | Reached XP level 20. HP: 182/182 MP: 27/27
 31443 | Elf:3    | Learned a level 1 spell: Summon Butterflies
 31693 | Elf:3    | Reached skill level 23 in Polearms
 31708 | Elf:3    | Upgraded the game from 0.19-a0-1126-g0490cf6 to 0.19-a0-1142-ga75ee97
 31898 | Shoals:1 | Entered Level 1 of the Shoals
 32186 | Shoals:1 | Found a hide-covered altar of Uskayaw.
 32881 | Shoals:1 | Found an oddly glowing altar of Pakellas.
 33440 | Shoals:1 | Found a burning altar of Makhleb.
 33915 | Shoals:2 | Received a gift from Okawaru
 34903 | Shoals:2 | Noticed Nikola
 34939 | Shoals:2 | Killed Nikola
 34939 | Shoals:2 | Reached skill level 15 in Shields
 34952 | Shoals:2 | Received a gift from Okawaru
 35173 | Shoals:3 | Found Efepp's Island Escapes.
 35361 | Shoals:3 | Noticed Aizul
 35383 | Shoals:3 | Killed from afar by Aizul

Vault maps used:
D:1:      lightli_arrival_noodles
D:2:      nicolae_gozag_seed_capital
D:3:      lemuel_doored_altar, serial_glass, glass_columns_a, glass_columns_b,
          minmay_strange_pillars, minmay_strange_pillars,
          minmay_strange_pillars, hangedman_feature_mirror
D:4:      first_bread, trog_three_pillars_becter, uniq_duvessa
D:6:      serial_shops, nicolae_shop_trees, dk_noncrumbling_4,
          hangedman_decor_push, grunt_ministairs_7, serial_bayou_pond_d,
          uniq_sigmund, uniq_eustachio
D:7:      serial_shops, nicolae_shop_statue_plus, uniq_prince_ribbit1,
          uniq_joseph
D:8:      nicolae_ossuary_entry_plus, grunt_livestock,
          nicolae_dithmenos_shadow_blocks, uniq_erica
D:9:      dpeg_lair_monsters, serial_shops, shop, elyvilon_altar_5
D:10:     uniq_psyche
D:11:     zombieorc2_lemuel, serial_shops, bzr_entry_dummy
D:13:     david_vaults_3, xom_shifter_show
D:14:     tso_altar
D:15:     gammafunk_depths_entry_grave, hangedman_weighted_door, minivault_19
Temple:   grunt_wide_crystal_templ
Lair:1:   infiniplex_staircase_pool_2, lemuel_fruit_fields, lemuel_fruit_tree
Lair:2:   minmay_lair_oklob_items, shoals_dummy_entry,
          minmay_snake_entry_guardpost_small, minivault_27
Lair:3:   lab_entry_generic, serial_bayou_pond_a, fungi_pond_lemuel
Lair:4:   nicolae_lair_yak_garden, serial_bayou_shore_a, uniq_sonja
Lair:5:   slime_altar_1, st_stairs_10, lemuel_fruit_fields
Lair:6:   guppyfry_lair_end_dragon, hangedman_lair_caniforms_friends
Shoals:1: hangedman_feature_mirror, regret_index_shoals_crete
Shoals:2: uniq_nikola
Shoals:3: nicolae_island_escapes, uniq_aizul
Orc:1:    guppyfry_library_mini
Orc:2:    st_orc_town
Elf:1:    enter_trove_0, hangedman_elf_disciples, corexii_checkpoint_b
Elf:2:    serial_shops, shop, hangedman_elf_targetted_burst
Elf:3:    minmay_elf_hall_statues
Lab:      nicolae_lab_dead_adventurers, nicolae_lab_quarters,
          nicolae_lab_diamond, lab_fountain, nicolae_lab_big_swirl,
          nicolae_lab_garden, nicolae_lab_arrow, nicolae_lab_starburst,
          labyrinth_fake_exit, lab_block, nicolae_lab_grate_2
Bazaar:   bazaar_kb_twisted_cavern
Ossuary:  ossuary_minmay_four_chambers

Skill      XL: |  1  2  3  4  5  6  7  8  9 10 11 12 13 14 15 16 17 18 19 20 |
---------------+-------------------------------------------------------------+-----
Polearms       | 3 4 5 6 7 8 10 12 13 14 15 17 18 19 20 21 22 23 | 23.8
Fighting       | 4 5 6 8 9 10 11 12 13 14 15 16 | 16.4
Invocations    | 1 3 5 7 9 10 | 10.3
Shields        | 5 7 9 12 13 15 | 15.2
Armour         | 4 7 9 11 12 | 12.3

Action                   |  1- 3 |  4- 6 |  7- 9 | 10-12 | 13-15 | 16-18 | 19-21 || total
-------------------------+-------+-------+-------+-------+-------+-------+-------++-------
Melee: Trident           |   129 |   168 |   444 |   644 |       |       |       ||  1385
       Halberd           |       |       |       |   609 |   122 |       |       ||   731
       Glaive            |       |       |       |       |   751 |  2060 |    36 ||  2847
       Bardiche          |       |       |       |       |       |       |   847 ||   847
Invok: Heroism           |       |       |     3 |    12 |    20 |     9 |    10 ||    54
       Finesse           |       |       |       |     2 |     9 |     4 |     8 ||    23
 Abil: Dig               |       |     1 |     1 |     1 |     8 |     7 |       ||    18
       Shaft Self        |       |       |       |       |       |       |     1 ||     1
Evoke: Wand              |       |       |       |       |       |     4 |       ||     4
  Use: Scroll            |     1 |     1 |     4 |     2 |       |    20 |     3 ||    31
       Potion            |       |     4 |       |       |    12 |     3 |     7 ||    26
 Stab: Distracted        |       |       |     1 |       |     2 |     1 |     1 ||     5
       Petrified         |       |       |       |       |       |     6 |       ||     6
       Sleeping          |       |       |       |       |       |     1 |       ||     1
       Confused          |       |       |       |       |       |     2 |       ||     2
  Eat: Chunk             |     1 |     4 |    11 |    21 |     5 |    55 |    19 ||   116
       Bread ration      |       |       |       |     2 |       |       |       ||     2
       Fruit             |       |       |       |     5 |       |       |       ||     5
       Pizza             |       |       |       |       |     7 |     5 |       ||    12
Armor: Scale mail        |     6 |    30 |       |    26 |       |       |       ||    62
       Leather armour    |    23 |     6 |       |       |       |       |       ||    29
       Skin              |       |    11 |     2 |       |       |       |       ||    13
       Ring mail         |       |       |    83 |    69 |       |   221 |       ||   373
       Plate armour      |       |       |       |   128 |       |    91 |    84 ||   303
       Chain mail        |       |       |       |    24 |   254 |   218 |   132 ||   628
Dodge: Dodged            |    30 |    47 |   151 |   230 |   219 |   346 |   125 ||  1148
Block: Shield            |    55 |    79 |   183 |   414 |   349 |   332 |       ||  1412
       Reflection        |       |       |       |    19 |       |    11 |    86 ||   116
       Large shield      |       |       |       |       |       |   706 |   759 ||  1465
